 Dungeon Crawl Stone Soup version 0.19-a0-1553-g64c24c3 (webtiles) character file.

919 LORDOFBUTT the Covert (level 8, 0/52 HPs)
             Began as an Octopode Assassin on Sept 14, 2016.
             Slain by a wight
             ... wielding a +2 spear
              (1 damage)
             ... on level 6 of the Dungeon.
             The game lasted 00:07:55 (3727 turns).

LORDOFBUTT the Covert (Octopode Assassin)           Turns: 3727, Time: 00:07:56

Health: 0/52       AC:  1    Str: 12    XL:     8   Next: 9%
Magic:  0/17       EV: 13    Int: 13    God:
Gold:   207        SH:  0    Dex: 16    Spells: 0 memorised, 7 levels left

rFire  x . .     SeeInvis .     a - +3 dagger
rCold  + . .     Gourm    .     (no shield)
rNeg   + . .     Faith    .     (helmet restricted)
rPois  .         Spirit   +     q - amulet of guardian spirit
rElec  .         Dismiss  .     e - ring of magical power
rCorr  +         Reflect  .     g - +2 ring of strength
MR     .....     Harm     .     h - ring of ice
Stlth  +++++++...               x - ring of resist corrosion
                                k - ring of positive energy
                                j - ring of stealth
                                (no ring)
                                (no ring)

@: drained
A: almost no armour, stealthy swim, amphibious, 8 rings, constrict 8, camouflage
1, gelatinous body 1
a: no special abilities


You were on level 6 of the Dungeon.
You were not hungry.

You visited 1 branch of the dungeon, and saw 6 of its levels.

You collected 207 gold pieces.

Inventory:

Hand Weapons
 a - a +3 dagger (weapon)
 b - a +0 blowgun
Missiles
 c - 11 poisoned needles
 d - 2 curare-tipped needles
Jewellery
 e - a ring of magical power (left tentacle)
 g - a +2 ring of strength (right tentacle)
 h - a ring of ice (on tentacle)
 j - a ring of stealth (on tentacle)
 k - a ring of positive energy (on tentacle)
 q - an amulet of guardian spirit (around mantle)
 x - a ring of resist corrosion (on tentacle)
Scrolls
 i - a scroll of fear
 n - 2 scrolls of remove curse
 v - a scroll of magic mapping
Potions
 l - a potion of mutation {unknown}
 o - a potion of flight {unknown}
 p - 2 potions of curing
 r - 2 potions of brilliance {unknown}
 t - 3 potions of agility
 w - a potion of heal wounds {unknown}
 A - 2 potions of might {unknown}
Comestibles
 f - 2 bread rations
 s - a meat ration
 u - 2 beef jerkies
 z - 2 royal jellies


   Skills:
 + Level 3.4(2.8) Fighting
 + Level 5.0(4.4) Short Blades
 + Level 2.3(1.7) Throwing
 + Level 2.0(1.5) Dodging
 + Level 10.7(10.0) Stealth


You had 7 spell levels left.
You didn't know any spells.

Dungeon Overview and Level Annotations

Branches:
Dungeon (6/15)
 Temple: D:4-7

Altars:
Ru
Uskayaw
Yredelemnul
Zin

Shops:
D:2 *

Annotations:
D:5 LORDOFBUTT's ghost, novice MiFi


Innate Abilities, Weirdness & Mutations

You cannot wear most types of armour.
You are very stealthy in the water.
You are amphibious.
You can wear up to eight rings at the same time.
You can use your tentacles to constrict eight enemies at once.
Your skin changes colour to match your surroundings (Stealth+).
Your rubbery body absorbs attacks. (AC +1, EV +1)


Message History

You partially resist.
You feel drained.
* * * LOW HITPOINT WARNING * * *
You hit the wight.
The wight is moderately damaged.
You constrict the wight, but do no damage.
The wight hits you with an enchanted spear.
* * * LOW HITPOINT WARNING * * *
You partially resist.
You feel drained.
You hit the wight but do no damage.
The wight is moderately damaged.
You constrict the wight, but do no damage.
You hit the wight.
The wight is moderately damaged.
You constrict the wight, but do no damage.
The wight hits you with an enchanted spear.
You hit the wight but do no damage.
The wight is moderately damaged.
You constrict the wight.
The wight hits you with an enchanted spear.
You die...

.....# #.....#
.....#
#.......#.....#
.....#
#.......#.....#
.....#
#.......#.....#
.....#
#.......#.....#
######
#.......#.....#
#.......#.....#
#.......#.....#
#.....z@'.....#
#...)...#.....#
#.......#.....#
#.......#######
#########


You could see a wight.

Vanquished Creatures
  Sigmund (D:6)
  A centaur (D:5)
  A giant frog (D:6)
  2 scorpions
  2 wights (D:6)
  A crimson imp (D:6)
  A giant frog zombie (D:5)
  3 orc priests
  Jessica (D:3)
  Ijyb (D:3)
  A worker ant (D:4)
  4 gnolls
  4 adders
  A shadow imp (D:6)
  3 oozes (D:1)
  A worm (D:2)
  3 dart slugs
  2 giant geckos
  13 orcs
  A ball python (D:4)
  8 giant cockroaches
  10 goblins
  7 hobgoblins
  4 jackals (D:4)
  5 quokkas
  3 bats
  3 frilled lizards
  9 kobolds
  A quokka skeleton (D:5)
  9 rats
106 creatures vanquished.

Notes
Turn   | Place    | Note
-------+----------+-------------------------------------------
     0 | D:1      | LORDOFBUTT the Octopode Assassin began the quest for the Orb.
     0 | D:1      | Reached XP level 1. HP: 14/14 MP: 1/1
    45 | D:1      | Reached XP level 2. HP: 19/19 MP: 2/2
   184 | D:1      | Reached skill level 6 in Stealth
   215 | D:1      | Reached XP level 3. HP: 10/24 MP: 3/3
   649 | D:1      | Reached XP level 4. HP: 27/29 MP: 4/4
   819 | D:2      | Reached skill level 7 in Stealth
   917 | D:2      | Found Zin's Purification Station.
   924 | D:2      | Found a glowing silver altar of Zin.
  1475 | D:3      | Noticed Jessica
  1476 | D:3      | Noticed Ijyb
  1489 | D:3      | Killed Ijyb
  1489 | D:3      | Reached XP level 5. HP: 17/34 MP: 5/5
  1491 | D:3      | Killed Jessica
  1494 | D:3      | Reached skill level 8 in Stealth
  2018 | D:4      | Found a sacrificial altar of Ru.
  2391 | D:4      | Found a hide-covered altar of Uskayaw.
  2397 | D:4      | Reached XP level 6. HP: 41/41 MP: 6/6
  2661 | D:5      | Entered Level 5 of the Dungeon
  2745 | D:5      | Reached skill level 9 in Stealth
  2762 | D:5      | Noticed a phantom
  2764 | D:5      | Found a basalt altar of Yredelemnul.
  3100 | D:5      | Noticed LORDOFBUTT's ghost (novice MiFi)
  3116 | D:5      | Noticed a necrophage
  3190 | D:5      | Reached XP level 7. HP: 41/45 MP: 7/7
  3237 | D:6      | Noticed Sigmund
  3249 | D:6      | Killed Sigmund
  3345 | D:6      | Reached skill level 10 in Stealth
  3710 | D:6      | Reached skill level 5 in Short Blades
  3710 | D:6      | Reached XP level 8. HP: 40/52 MP: 8/8
  3724 | D:6      | HP: 1/52 [wight/enchanted spear (2)]
  3727 | D:6      | Slain by a wight

Vault maps used:
D:1:      erik_arrival_gehennom
D:2:      zin_purify, first_bread, kennysheep_nondescript
D:3:      led_sif_book, fiery_altar_vehumet, old_standard_altar, uniq_iyjb,
          uniq_jessica
D:4:      eat_drink_and_be_merry_uskayaw, nicolae_ru_sacrificial_ziggurat,
          minmay_goblin_kobold_house
D:5:      yredelemnul_altar_generic, corexii_shack, minmay_item_behind_shaft
D:6:      uniq_sigmund

Skill      XL: |  1  2  3  4  5  6  7  8 |
---------------+-------------------------+-----
Stealth        | 6 7 8 9 10 | 10.7
Short Blades   | 3 4 5 |  5.0
Fighting       | 3 |  3.4
Dodging        | 2 |  2.0
Throwing       | |  2.3

Action                   |  1- 3 |  4- 6 |  7- 9 || total
-------------------------+-------+-------+-------++-------
Melee: Dagger            |    47 |   130 |    58 ||   235
       Tentacles         |    14 |    30 |    16 ||    60
       Constrict         |     8 |    24 |    13 ||    45
  Use: Scroll            |       |     4 |     5 ||     9
 Stab: Sleeping          |    12 |    22 |     5 ||    39
       Distracted        |     1 |     1 |       ||     2
  Eat: Bread ration      |       |     1 |       ||     1
       Fruit             |       |     6 |       ||     6
Armor: Skin              |     5 |     3 |       ||     8
Dodge: Dodged            |    14 |    76 |    24 ||   114
